 Dungeon Crawl Stone Soup version 0.27-a0-1278-g6cbc8dfb29 (webtiles) character file.

Game seed: 2504974433650593060

10068 funkygono the Tainter (level 11, -15/72 HPs)
             Began as a Formicid Venom Mage on June 12, 2021.
             Was a Believer of Vehumet.
             Demolished by a skeletal warrior (22 damage)
             ... led by a skeletal warrior
             ... on level 10 of the Dungeon.
             The game lasted 00:32:08 (12394 turns).

funkygono the Tainter (Formicid Venom Mage)        Turns: 12394, Time: 00:32:09

Health: -15/72     AC:  7    Str: 12    XL:     11   Next: 86%
Magic:  2/26       EV: 12    Int: 25    God:    Vehumet [**....]
Gold:   2747       SH:  0    Dex: 11    Spells: 10/32 levels left

rFire    . . .     SeeInvis +   m - +1 mace (vorpal)
rCold    . . .     Faith    .   (no shield)
rNeg     . . .     Spirit   .   a - +1 robe
rPois    .         Reflect  .   (helmet unavailable)
rElec    .         Harm     .   (no cloak)
rCorr    .         Rampage  .   t - +0 pair of gloves
Will     +....                  b - +2 pair of boots
Stlth    ++........             e - amulet of magic regeneration
HPRegen  0.22/turn              C - ring of wizardry
MPRegen  0.45/turn              H - +6 ring of intelligence

@: no status effects
A: permanent stasis, dig shafts and tunnels, antennae 3, four strong arms
a: Dig, Shaft Self, Renounce Religion


You were on level 10 of the Dungeon.
You worshipped Vehumet.
Vehumet was pleased with you.
You visited 2 branches of the dungeon, and saw 11 of its levels.
You also visited: Ossuary.

You collected 2747 gold pieces.

Inventory:

Hand Weapons
 m - a +1 vorpal mace (weapon)
Missiles
 r - 192 stones
Armour
 a - a +1 robe (worn)
 b - a +2 pair of boots (worn)
 t - a +0 pair of gloves (worn)
 y - a +0 leather armour
Magical Staves
 i - a staff of conjuration
 B - a staff of poison
Jewellery
 e - an amulet of magic regeneration (around neck)
 x - a ring of ice
 C - a ring of wizardry (left hand)
 G - a ring of protection from fire
 H - a +6 ring of intelligence (right hand)
Wands
 s - a wand of digging (4)
 I - a wand of flame (22)
Scrolls
 j - 3 scrolls of fear
 k - a scroll of amnesia
 q - a scroll of holy word
 D - a scroll of magic mapping
Potions
 c - 3 potions of haste {unknown}
 d - a potion of magic
 f - a potion of berserk rage {unknown}
 g - 2 potions of resistance
 h - a potion of invisibility
 l - 3 potions of mutation
 n - 2 potions of lignification {unknown}
 o - 4 potions of brilliance
 p - 2 potions of heal wounds
 u - a potion of curing {unknown}
 v - 2 potions of ambrosia {unknown}
 w - a potion of cancellation {unknown}
 z - a potion of degeneration {unknown}
 A - a potion of flight {unknown}
 E - a potion of might {unknown}


   Skills:
 + Level 1.6 Fighting
 + Level 2.9 Maces & Flails
 + Level 2.9 Dodging
 - Level 2.4 Stealth
 * Level 11.2 Spellcasting
 + Level 3.9 Conjurations
 + Level 5.0 Transmutations
 + Level 3.5 Fire Magic
 + Level 0.9 Air Magic
 * Level 7.4 Earth Magic
 + Level 12.0 Poison Magic


You had 10 spell levels left.
You knew the following spells:

 Your Spells              Type           Power      Damage    Failure   Level
a - Sting                 Tmut/Pois      100%       1d8       1%          1
b - Poisonous Vapours     Pois/Air       92%        N/A       1%          2
c - Mephitic Cloud        Conj/Pois/Air  42%        N/A       1%          3
d - Ignite Poison         Fire/Tmut/Pois 48%        N/A       1%          3
e - Olgreb's Toxic Radia  Pois           65%        N/A       1%          4
f - Stone Arrow           Conj/Erth      84%        3d12      1%          3
g - Sandblast             Erth           100%       2d20      1%          1
h - Lee's Rapid Deconstr  Erth           25%        3d15*     2%          5

Your spell library contained the following spells:

 Spells                   Type           Power      Damage    Failure   Level
 Searing Ray              Conj           66%        3d5       1%          2
 Animate Skeleton         Necr           28%        N/A       1%          1
 Corona                   Hex            15%        N/A       1%          1
 Pain                     Necr           56%        1d6       1%          1
 Passwall                 Tmut/Erth      37%        N/A       1%          2
 Petrify                  Tmut/Erth      45%        N/A       1%          4
 Slow                     Hex            14%        N/A       2%          2
 Inner Flame              Hex/Fire       23%        N/A       2%          3
 Leda's Liquefaction      Hex/Erth       16%        N/A       4%          4
 Portal Projectile        Hex/Tloc       28%        N/A       5%          3
 Vampiric Draining        Necr           7%         2d7       5%          3
 Animate Dead             Necr           7%         N/A       17%         4
 Cause Fear               Hex            7%         N/A       17%         4
 Agony                    Necr           14%        N/A       43%         5


Dungeon Overview and Level Annotations

Branches:
Dungeon (10/15)            Temple (1/1) D:6            Lair (0/6) D:8
Ossuary (visited)
    Orc: D:9-12

Altars:
Ashenzari
Cheibriados
Dithmenos
Elyvilon
Fedhas
Gozag
Hepliaklqana
Kikubaaqudgha
Makhleb
Nemelex Xobeh
Okawaru
Qazlal
Ru
Sif Muna
Trog
Uskayaw
Vehumet
Wu Jian
Xom
Yredelemnul
Zin
The Shining One

Shops:
D:2 *   D:6 :

Annotations:
D:7 3 transporters, sanka's ghost, amateur DjAr


Innate Abilities, Weirdness & Mutations

You cannot be hasted, slowed, berserked, paralysed or teleported.
You can dig through walls and to a lower floor.
You have a pair of large antennae on your head. (SInv)
Your four strong arms can wield two-handed weapons with a shield.


Message History

The skeletal warrior is severely damaged.
The skeletal warrior closely misses you.
Casting: Stone Arrow (safe; 1% risk of failure)
Confirm with . or Enter, or press ? or * to list all spells.
Aiming: Stone Arrow (safe; 1% risk of failure)
Press: ? - help, Shift-Dir - straight line, f/p - skeletal warrior
Aim: a skeletal warrior, wielding a +0 dire flail (severely damaged, 76% to hit)
The stone arrow hits the skeletal warrior!
The skeletal warrior is almost destroyed.
The skeletal warrior hits you with a +0 dire flail.
You barely miss the skeletal warrior.
The skeletal warrior is almost destroyed.
The skeletal warrior barely misses you.
Casting: Stone Arrow (safe; 1% risk of failure)
Confirm with . or Enter, or press ? or * to list all spells.
Aiming: Stone Arrow (safe; 1% risk of failure)
Press: ? - help, Shift-Dir - straight line, f/p - skeletal warrior
Aim: a skeletal warrior, wielding a +0 dire flail (almost destroyed, 76% to hit)
The stone arrow hits the skeletal warrior.
The skeletal warrior is almost destroyed.
The skeletal warrior hits you with a +0 dire flail!
You hit the skeletal warrior but do no damage.
The skeletal warrior is almost destroyed.
The skeletal warrior hits you with a +0 dire flail!
* * * LOW HITPOINT WARNING * * *
The skeletal warrior hits you with a +0 dire flail!
* * * LOW HITPOINT WARNING * * *
You hit the skeletal warrior but do no damage.
The skeletal warrior is almost destroyed.
The skeletal warrior hits you with a +0 dire flail.
* * * LOW HITPOINT WARNING * * *
Casting: Stone Arrow (safe; 1% risk of failure)
Confirm with . or Enter, or press ? or * to list all spells.
Aiming: Stone Arrow (safe; 1% risk of failure)
Press: ? - help, Shift-Dir - straight line, f/p - skeletal warrior
Aim: a skeletal warrior, wielding a +0 dire flail (almost destroyed, 76% to hit)
The stone arrow hits the skeletal warrior but does no damage.
The skeletal warrior is almost destroyed.
The skeletal warrior hits you with a +0 dire flail!!
You die...

............# #........
............# #........
............# #........
............# #........
............# #........
............####........
........).....).........
........................
.............###@.......
.........<...# #z)......
.............# #........
.............# #........
......####...# #........
......# #...# #........
......# #...# #........
......# #...# #........
......# #.^.#


You could see a skeletal warrior.

Vanquished Creatures
  Harold (D:9)
  A two-headed ogre (D:9)
  A skeletal warrior (D:10)
  A cyclops (D:9)
  A gargoyle (D:10)
  A komodo dragon (D:8)
  A kobold demonologist (D:10)
  A troll (D:9)
  Grinder (D:6)
  Sigmund (D:2)
  A wyvern (D:9)
  A wraith (Ossuary)
  12 yaks
  2 steam dragons
  Menkaure (D:5)
  A water moccasin (D:6)
  Purgy (D:4)
  2 sky beasts
  An ice beast (D:8)
  2 orc warriors (D:9)
  A black bear (D:6)
  4 necrophages
  An ogre (D:4)
  3 centaurs
  A phantom (D:6)
  2 kobold brigands
  2 gnoll sergeants
  2 bullfrogs
  2 scorpions
  A water moccasin zombie (D:5)
  7 killer bees (D:8)
  5 wights
  5 howler monkeys
  An electric eel (D:9)
  5 centaur zombies
  A bullfrog zombie (D:5)
  A human zombie (D:9)
  2 bullfrog skeletons (D:5)
  A gnoll shaman (D:4)
  2 centaur skeletons
  An orc priest (D:4)
  2 hounds
  A jelly (D:7)
  Jessica (D:2)
  6 orc wizards
  Natasha (thrice) (D:2)
  4 iguanas
  2 mummies
  3 howler monkey zombies
  11 gnolls
  5 adders
  3 white imps
  2 ufetubi (D:6)
  An adder skeleton (D:2)
  3 worms
  2 dart slugs
  16 orcs
  5 endoplasms
  2 giant cockroaches (D:2)
  6 goblins (D:1)
  7 hobgoblins
  4 jackals (D:2)
  11 kobolds
  2 quokkas (D:1)
  6 ball pythons
  5 bats
  5 frilled lizards
  5 gnoll skeletons (Ossuary)
  6 kobold skeletons (Ossuary)
  14 orc skeletons (Ossuary)
  8 rats
235 creatures vanquished.

Vanquished Creatures (others)
  44 plants
44 creatures vanquished.

Grand Total: 279 creatures vanquished

Notes
Turn   | Place    | Note
-------+----------+-------------------------------------------
     0 | D:1      | funkygono the Formicid Venom Mage began the quest for the
                  | Orb.
     0 | D:1      | Reached XP level 1. HP: 13/13 MP: 3/3
   201 | D:1      | Reached XP level 2. HP: 19/19 MP: 3/5
   204 | D:1      | Learned a level 2 spell: Poisonous Vapours
   699 | D:1      | Reached XP level 3. HP: 24/24 MP: 3/6
   703 | D:1      | Learned a level 3 spell: Mephitic Cloud
  1668 | D:2      | Noticed Jessica
  1703 | D:2      | Killed Jessica
  1704 | D:2      | Reached skill level 5 in Poison Magic
  1704 | D:2      | Reached XP level 4. HP: 28/30 MP: 2/8
  1714 | D:2      | Learned a level 3 spell: Ignite Poison
  2216 | D:2      | Noticed Sigmund
  2262 | D:2      | Killed Sigmund
  2263 | D:2      | Reached skill level 6 in Poison Magic
  2263 | D:2      | Reached XP level 5. HP: 35/35 MP: 1/11
  2263 | D:2      | Reached XP level 6. HP: 41/41 MP: 1/12
  2389 | D:2      | Noticed Natasha
  2394 | D:2      | Killed Natasha
  2692 | D:2      | Found Wocsuq's General Store.
  2774 | D:2      | Learned a level 4 spell: Olgreb's Toxic Radiance
  2793 | D:2      | Noticed Natasha
  2800 | D:2      | Killed Natasha
  2912 | D:2      | Noticed Natasha
  2914 | D:2      | Killed Natasha
  2987 | D:3      | Found an ornate altar of the Wu Jian Council.
  3501 | D:4      | Reached skill level 7 in Poison Magic
  3501 | D:4      | Reached XP level 7. HP: 46/46 MP: 6/14
  3543 | D:4      | Found a sand-covered staircase.
  3567 | Ossuary  | Entered an ossuary
  3567 | Ossuary  | Noticed a wraith
  3567 | Ossuary  | Noticed a wraith
  3567 | Ossuary  | Noticed a wraith
  3926 | Ossuary  | Noticed a wraith
  3941 | Ossuary  | Killed a wraith
  3942 | Ossuary  | Reached skill level 1 in Maces & Flails
  3942 | Ossuary  | Reached skill level 5 in Spellcasting
  3942 | Ossuary  | Reached skill level 1 in Fire Magic
  4786 | D:4      | Reached XP level 8. HP: 53/53 MP: 7/15
  4853 | D:4      | Learned a level 3 spell: Stone Arrow
  4931 | D:4      | Noticed Purgy
  4934 | D:4      | Killed Purgy
  5134 | D:4      | Reached skill level 8 in Poison Magic
  5231 | D:4      | Identified a scroll of acquirement
  5231 | D:4      | Acquired 1109 gold pieces
  5238 | D:4      | Learned a level 1 spell: Sandblast
  5314 | D:5      | Entered Level 5 of the Dungeon
  5403 | D:5      | Reached skill level 1 in Earth Magic
  5461 | D:5      | Reached skill level 1 in Conjurations
  6000 | D:5      | Noticed Menkaure
  6006 | D:5      | Killed Menkaure
  6007 | D:5      | Reached skill level 9 in Poison Magic
  6007 | D:5      | Reached XP level 9. HP: 58/58 MP: 1/18
  6053 | D:5      | Upgraded the game from 0.27-a0-1273-gec92ba881d to
                  | 0.27-a0-1278-g6cbc8dfb29
  6731 | D:5      | Acquired 1253 gold pieces
  6987 | D:6      | Reached skill level 1 in Fighting
  7076 | D:6      | Found a staircase to the Ecumenical Temple.
  7098 | Temple   | Entered the Ecumenical Temple
  7122 | Temple   | Became a worshipper of Vehumet
  7453 | D:6      | Found Yfur's Book Boutique.
  7533 | D:6      | Found a blossoming altar of Fedhas.
  7601 | D:6      | Noticed Grinder
  7611 | D:6      | Killed Grinder
  7807 | D:6      | Found a bloodstained altar of Trog.
  7991 | D:6      | Learned a level 5 spell: Lee's Rapid Deconstruction
  8071 | D:7      | Reached skill level 10 in Poison Magic
  8305 | D:7      | Noticed sanka's ghost (amateur DjAr)
  8322 | D:7      | Found a transporter.
  8344 | D:7      | Found a transporter.
  8371 | D:7      | Reached XP level 10. HP: 37/65 MP: 21/21
  8593 | D:7      | Noticed a cyclops
  8607 | D:7      | Noticed a two-headed ogre
  8652 | D:7      | Reached * piety under Vehumet
  8652 | D:7      | Offered knowledge of Shock by Vehumet.
  8911 | D:7      | Noticed a komodo dragon
  8915 | D:7      | Noticed a cyclops
  8916 | D:7      | Identified the ring of Autotheism {rN+ Will++ Int+6}
  8947 | D:7      | Found a transporter.
  9337 | D:8      | Found a staircase to the Lair.
  9338 | D:8      | Noticed a komodo dragon
  9356 | D:8      | Killed a komodo dragon
  9909 | D:8      | Found a basalt altar of Yredelemnul.
  9910 | D:8      | Found a sparkling altar of Nemelex Xobeh.
  9910 | D:8      | Found a snail-covered altar of Cheibriados.
  9928 | D:8      | Found a sacrificial altar of Ru.
 10101 | D:8      | Reached skill level 11 in Poison Magic
 10700 | D:9      | Found an iron altar of Okawaru.
 10828 | D:9      | Noticed a two-headed ogre
 10833 | D:9      | Killed a two-headed ogre
 10834 | D:9      | Reached skill level 5 in Earth Magic
 10934 | D:9      | Found a broken altar of Ashenzari.
 11054 | D:9      | Found an ancient bone altar of Kikubaaqudgha.
 11165 | D:9      | Offered knowledge of Static Discharge by Vehumet.
 11168 | D:9      | Reached ** piety under Vehumet
 11197 | D:9      | Reached XP level 11. HP: 69/71 MP: 18/24
 11268 | D:9      | Reached skill level 10 in Spellcasting
 11523 | D:9      | Noticed Harold
 11532 | D:9      | Killed Harold
 11715 | D:9      | Noticed a cyclops
 11725 | D:9      | Killed a cyclops
 12082 | D:10     | Entered Level 10 of the Dungeon
 12119 | D:10     | Offered knowledge of Searing Ray by Vehumet.
 12374 | D:10     | Noticed a skeletal warrior
 12378 | D:10     | Noticed a skeletal warrior
 12381 | D:10     | Killed a skeletal warrior
 12382 | D:10     | Reached skill level 5 in Transmutations
 12382 | D:10     | Reached skill level 12 in Poison Magic
 12394 | D:10     | Demolished by a skeletal warrior

Illustrated notes

Levels and vault maps discovered:
D:1:      dpeg_arrival_tiny_f, layout_loops_corners, grunt_decor_cap
D:2:      layout_basic, serial_shops, shop_fountains, minmay_tetromino_l4,
          uniq_natasha, uniq_jessica, uniq_sigmund
D:3:      kennysheep_big_flooded_room, layout_loops_cross,
          nicolae_wu_jian_wuxing_cycle, minmay_misc_feat_diagonals
D:4:      layout_cave_pods, nicolae_ossuary_entry_false_entrances, uniq_purgy
D:5:      layout_layer_cave, uniq_menkaure
D:6:      layout_gridville, trog_book, minmay_temple_entry_overgrown,
          serial_shops, shop, grunt_ministairs_5, minmay_ruined_shrine,
          uniq_grinder
D:7:      gammafunk_the_bubble [the_bubble_gammafunk_crates],
          layout_loops_corners, gammafunk_ghost_stat_death
D:8:      layout_basic, nicolae_overflow_quartered_altars, david_lair_shrubbed
D:9:      layout_long_grid, okawaru_ov_weapons_minmay, kennysheep_mini,
          lemuel_mausoleum_altar_kikubaaqudgha, lightli_minifort, uniq_harold
D:10:     layout_long_grid, kennysheep_orc_monster_closet_entryway
Temple:   dshaligram_water_room_temple

Skill      XL: |  1  2  3  4  5  6  7  8  9 10 11 |
---------------+----------------------------------+-----
Spellcasting   | 3 4 5 6 7 9 11 | 11.2
Poison Magic   | 5 6 7 9 10 11 12 | 12.0
Transmutations | 2 3 4 5 |  5.0
Maces & Flails | 1 2 |  2.9
Dodging        | 2 |  2.9
Fire Magic     | 1 2 3 |  3.5
Earth Magic    | 1 3 5 7 |  7.4
Conjurations   | 1 3 |  3.9
Fighting       | 1 |  1.6
Stealth        | |  2.4
Air Magic      | |  0.9

Action                   |  1- 3 |  4- 6 |  7- 9 | 10-12 || total
-------------------------+-------+-------+-------+-------++-------
Melee: Club              |     8 |     4 |       |       ||    12
       Mace              |       |    10 |   133 |    73 ||   216
 Cast: Sting             |    38 |    28 |    30 |     7 ||   103
       Poisonous Vapours |     5 |    17 |       |       ||    22
       Ignite Poison     |       |     5 |    21 |    26 ||    52
       Olgreb's Toxic Ra |       |     4 |    28 |    22 ||    54
       Mephitic Cloud    |       |     1 |       |       ||     1
       Stone Arrow       |       |       |    31 |    86 ||   117
 Abil: Dig               |       |     1 |     2 |       ||     3
  Use: Scroll            |     1 |     8 |     8 |     2 ||    19
 Stab: Distracted        |       |       |     1 |       ||     1
       Sleeping          |       |       |     1 |       ||     1
Armor: Robe              |     5 |     6 |    63 |    17 ||    91
Dodge: Dodged            |    12 |    15 |   113 |    49 ||   189

Table legend: (Time is in decaauts)
 A = Elapsed time spent in this place.
 B = Non-inter-level travel time spent in this place.
 C = Inter-level travel time spent in this place.
 D = Time resting spent in this place.
 E = Time spent auto-exploring this place.
 F = Levels seen in this place.
 G = Mean time per level.
                   A        B        C        D        E       F      G
               +--------+--------+--------+--------+--------+-----+--------+
         Total |  12455 |  12014 |    441 |    113 |   9778 |  12 | 1037.9 |
       Dungeon |  11717 |  11296 |    421 |    113 |   9316 |  10 | 1171.7 |
        Temple |    135 |    116 |     19 |      0 |    109 |   1 |  135.0 |
       Ossuary |    602 |    602 |      0 |      0 |    353 |   1 |  602.0 |
               +--------+--------+--------+--------+--------+-----+--------+

Top non-repeatable levels by time:
     D:2: 1593 daAuts
     D:5: 1560 daAuts
     D:9: 1389 daAuts
     D:1: 1381 daAuts
     D:8: 1284 daAuts
     D:7: 1280 daAuts
     D:4: 1267 daAuts
     D:6: 1150 daAuts
 Ossuary: 602 daAuts
     D:3: 495 daAuts
    D:10: 314 daAuts
  Temple: 135 daAuts
